 Seeded DCSS version 0.31-a0-210-gccc998df9b (webtiles) character file.

Game seed: 8113056780134302019 (custom seed)

101 innerfire43 the Trooper (level 4, -1/35 HPs)
             Began as a Demonspawn Monk on June 30, 2023.
             Killed by nerve-wracking pain
             ... invoked by Grinder
              (4 damage)
             ... on level 3 of the Dungeon.
             The game lasted 00:03:06 (1699 turns).

innerfire43 the Trooper (Demonspawn Monk)           Turns: 1699, Time: 00:03:07

Health: -1/35      AC:  9    Str: 14    XL:     4   Next: 48%
Magic:  4/4        EV: 13    Int: 13    God:
Gold:   69         SH:  0    Dex: 22    Spells: 3/3 levels left

rFire   . . .        f - staff "Wofon" {Drain rElec rC+ rCorr Dex+7 Ice}
rCold   + . .        d - orb {light}
rNeg    . . .        b - +0 robe
rPois   .            k - +0 helmet
rElec   +            (no cloak)
rCorr   +            (no gloves)
SInv    +            (no boots)
Will    .....        (no amulet)
Stlth   +            e - ring of see invisible
HPRegen 0.25/turn    c - ring of Kumnyusch {AC+4 Int+2 Slay+3}
MPRegen 0.09/turn

%: no passive effects
@: glowing
A: thin metallic scales 1, demonic touch 1
a: no special abilities


You were on level 3 of the Dungeon.
You visited 1 branch of the dungeon, and saw 3 of its levels.

You collected 69 gold pieces.

Inventory:

Hand Weapons
 a - a +0 hand axe
Armour
 b - a +0 robe (worn)
 d - an orb of light (worn)
 j - a +0 tower shield
 k - a +0 helmet (worn)
Magical Staves
 f - the staff "Wofon" (weapon) {Drain rElec rC+ rCorr Dex+7 Ice}
   (You acquired it on level 1 of the Dungeon)

   [staff of cold]

   Base accuracy: +5 Base damage: 5 Base attack delay: 1.2 This weapon's minimum
   attack delay (0.6) is reached at skill level 12.
   Dex:       It affects your dexterity (+7).
   rC:        It protects you from cold.
   rElec:     It insulates you from electricity.
   rCorr:     It protects you from acid and corrosion.
   Drain:     It drains your maximum health when unequipped.
   Ice:       It increases the power of your Ice spells.
   It falls into the 'Staves' category.
   It is a one-handed weapon.
Jewellery
 c - the ring of Kumnyusch (right hand) {AC+4 Int+2 Slay+3}
   (You acquired it on level 2 of the Dungeon)

   [ring of protection]

   AC:        It affects your AC (+4).
   Int:       It affects your intelligence (+2).
   Slay:      It affects your accuracy & damage with ranged weapons and melee
   (+3).
 e - a ring of see invisible (left hand)
 o - a ring of protection from fire
 p - a ring of ice
Scrolls
 g - 2 scrolls of vulnerability {unknown}
 h - a scroll of fog {unknown}
 i - 3 scrolls of teleportation {unknown}
 l - a scroll of amnesia {unknown}
 m - a scroll of blinking {unknown}
Potions
 n - a potion of degeneration {unknown}
 q - 3 potions of heal wounds {unknown}
 r - a potion of attraction {unknown}


   Skills:
 - Level 3.2 Fighting
 - Level 2.9 Axes
 * Level 1.7 Staves
 - Level 2.9 Dodging
 * Level 1.6 Ice Magic
 * Level 1.8 Evocations


You had 3 spell levels left.
You didn't know any spells.
Your spell library was empty.

Dungeon Overview and Level Annotations

Branches:
Dungeon (3/15)

Altars:

Shops:
D:1 ?

Annotations:
D:3 Grinder


Innate Abilities, Weirdness & Mutations

You are partially covered in thin metallic scales. (AC +2)
Your touch may inflict minor irresistible damage on your foes.


Message History

Grinder is heavily wounded.
Grinder closely misses you.
You hit Grinder.
Grinder is heavily wounded.
Grinder hits you but does no damage.
You hit Grinder.
Grinder is heavily wounded.
Grinder hits you.
You writhe in agony.
* * * LOW HITPOINT WARNING * * *
Grinder gestures at you.
You barely resist. You hit Grinder.
Grinder is severely wounded.
Grinder blinks!
The giant cockroach barely misses you.
Unknown command.
You hit the giant cockroach.
The giant cockroach is almost dead.
The giant cockroach closely misses you.
Grinder says, "Wait up."
Grinder blinks!
You hit the giant cockroach.
You kill the giant cockroach!
Grinder gestures at you. You resist with significant effort.
A rat and an endoplasm come into view.
Found a scroll labelled CIXZUCVOAPS and a robe.
The endoplasm quivers.
You see here a giant cockroach corpse.
Grinder hits you but does no damage.
You hit Grinder!
Grinder is almost dead.
Grinder gestures at you. Pain shoots through your body!
* * * LOW HITPOINT WARNING * * *
You hit Grinder.
Grinder is almost dead.
Grinder gestures at you. Pain shoots through your body!
You die...

#.......#
#.......#
#.......#
#.......#
####'#### #.#
#.#
#####†#####..
#?...@.r..[..
#....5.......
#.......J....
###########..
.


You could see Grinder, an endoplasm and a rat.

Vanquished Creatures
  A gnoll (D:1)
  4 adders (D:2)
  2 worms (D:2)
  3 dart slugs
  8 bats
  3 endoplasms
  5 giant cockroaches
  5 goblins
  3 kobolds
  A quokka (D:1)
  5 ball pythons
  2 rats
42 creatures vanquished.

Notes
Turn   | Place    | Note
-------+----------+-------------------------------------------
     0 | D:1      | innerfire43 the Demonspawn Monk began the quest for the
                  | Orb.
     0 | D:1      | Reached XP level 1. HP: 18/18 MP: 1/1
    73 | D:1      | Gained mutation: Your touch may inflict minor irresistible
                  | damage on your foes. [demonic ancestry]
    73 | D:1      | Reached XP level 2. HP: 20/24 MP: 2/2
    95 | D:1      | Identified a scroll of acquirement
    95 | D:1      | Acquired the staff "Wofon" {Drain rElec rC+ rCorr Dex+7
                  | Ice}
   284 | D:1      | Reached XP level 3. HP: 28/29 MP: 3/3
   369 | D:1      | Reached skill level 1 in Evocations
   430 | D:1      | Reached skill level 1 in Staves
   483 | D:1      | Found Ponycs's Magic Scroll Shop.
   741 | D:2      | Reached skill level 1 in Ice Magic
   863 | D:2      | Gained mutation: You are partially covered in thin metallic
                  | scales. (AC +2) [demonic ancestry]
   863 | D:2      | Reached XP level 4. HP: 23/35 MP: 4/4
  1235 | D:2      | Acquired the ring of Kumnyusch {AC+4 Int+2 Slay+3}
  1681 | D:3      | Noticed Grinder
  1699 | D:3      | Killed from afar by Grinder

Illustrated notes

Levels and vault maps discovered:
D:1:      roderic_crossed_star, layout_rooms, serial_shops, nicolae_diamond_shop
D:2:      layout_loops_cross
D:3:      layout_basic, uniq_grinder

Skill      XL: |  1  2  3 |
---------------+----------+-----
Evocations     | 1 |  1.8
Staves         | 1 |  1.7
Ice Magic      | 1 |  1.6
Fighting       | |  3.2
Axes           | |  2.9
Dodging        | |  2.9

Action                     |  1- 3 |  4- 6 || total
---------------------------+-------+-------++-------
  Melee: Hand axe          |    19 |       ||    19
         Staff             |    96 |    80 ||   176
    Use: Scroll            |     1 |     1 ||     2
         Potion            |     1 |       ||     1
 Armour: Robe              |    31 |    22 ||    53
  Dodge: Dodged            |   122 |    64 ||   186

Table legend: (Time is in decaauts)
 A = Elapsed time spent in this place.
 B = Non-inter-level travel time spent in this place.
 C = Inter-level travel time spent in this place.
 D = Time resting spent in this place.
 E = Time spent auto-exploring this place.
 F = Levels seen in this place.
 G = Mean time per level.
                   A        B        C        D        E       F      G
               +--------+--------+--------+--------+--------+-----+--------+
         Total |   1725 |   1643 |     82 |      0 |   1263 |   3 |  575.0 |
       Dungeon |   1725 |   1643 |     82 |      0 |   1263 |   3 |  575.0 |
               +--------+--------+--------+--------+--------+-----+--------+

Top non-repeatable levels by time:
     D:2: 944 daAuts
     D:1: 742 daAuts
     D:3: 38 daAuts
